 Dungeon Crawl Stone Soup version 0.26-a0-651-gb41185065b (webtiles) character file.

Game seed: 13364296864603373183

61 Flugslaktarn the Covered (level 4, -11/35 HPs)
             Began as a Human Fighter on Oct 26, 2020.
             Mangled by Sigmund
             ... wielding a +2 scythe of flaming
              (13 damage)
             ... on level 2 of the Dungeon.
             The game lasted 00:00:33 (1593 turns).

Flugslaktarn the Covered (Human Fighter)            Turns: 1593, Time: 00:00:34

Health: -11/35     AC:  6    Str: 13 (16) XL:     4   Next: 27%
Magic:  4/4        EV:  6    Int:  7 (8)  God:
Gold:   36         SH:  8    Dex: 12 (14) Spells: 3/3 levels left

rFire    . . .     SeeInvis .   a - +0 war axe
rCold    . . .     Faith    .   c - +0 kite shield
rNeg     . . .     Spirit   .   b - +0 scale mail
rPois    .         Reflect  .   (no helmet)
rElec    .         Harm     .   (no cloak)
rCorr    .         Rampage  .   (no gloves)
MR       .....                  (no boots)
Stlth    ..........             (no amulet)
HPRegen  0.11/turn              (no ring)
MPRegen  0.09/turn              (no ring)

@: no status effects
A: no striking features
a: no special abilities


You were on level 2 of the Dungeon.
You visited 1 branch of the dungeon, and saw 2 of its levels.

You collected 36 gold pieces.

Inventory:

Hand Weapons
 a - a +0 war axe (weapon)
Armour
 b - a +0 scale mail (worn)
 c - a +0 kite shield (worn)
Jewellery
 m - a cursed amulet of inaccuracy {unknown}
   (You found it on level 2 of the Dungeon)
 n - an uncursed ring of flight
   (You took it off a hobgoblin on level 2 of the Dungeon)
Scrolls
 f - 2 scrolls of magic mapping {unknown}
 h - a scroll of enchant weapon {unknown}
 j - 2 scrolls of remove curse {unknown}
 l - a scroll of identify {unknown}
Potions
 d - a potion of might
 e - a potion of degeneration
 i - a potion of brilliance {unknown}
 k - a potion of berserk rage {unknown}


   Skills:
 + Level 3.4 Fighting
 * Level 3.1 Axes
 + Level 3.4 Armour
 + Level 3.4 Shields


You had 3 spell levels left.
You didn't know any spells.
Your spell library was empty.

Dungeon Overview and Level Annotations

Branches:
Dungeon (2/15)

Altars:
Xom

Annotations:
D:2 Sigmund


Message History

You hit Sigmund but do no damage.
Sigmund is moderately wounded.
Sigmund says, "Don't worry, I'll kill you fast."
You block Sigmund's attack.
You slash Sigmund!
Sigmund is heavily wounded.
Sigmund barely misses you.
You barely miss Sigmund.
Sigmund is heavily wounded.
You block Sigmund's attack.
You hit Sigmund.
Sigmund is severely wounded.
Sigmund hits you with a +2 scythe of flaming.
* * * LOW HITPOINT WARNING * * *
Sigmund burns you.
* * * LOW HITPOINT WARNING * * *
You barely miss Sigmund.
Sigmund is severely wounded.
Sigmund hits you with a +2 scythe of flaming!
You die...

## ..###############
#.#.....$@@...... .
#.#.#############
....##.#.############
###
#....†............#
....
####.#.##########.#
#### #.#.# #.########
#.#.# #.#......#
#.#.# #.#.####)####
#.#.# #............


You could see Sigmund.

Vanquished Creatures
  Terence (D:2)
  An adder (D:2)
  3 oozes
  A leopard gecko (D:1)
  6 bats
  2 goblins (D:1)
  2 hobgoblins
  A ball python (D:1)
  A frilled lizard (D:1)
  2 rats
20 creatures vanquished.

Notes
Turn   | Place    | Note
-------+----------+-------------------------------------------
     0 | D:1      | Flugslaktarn the Human Fighter began the quest for the Orb.
     0 | D:1      | Reached XP level 1. HP: 18/18 MP: 1/1
    55 | D:1      | Reached XP level 2. HP: 23/24 MP: 2/2
   694 | D:1      | Reached XP level 3. HP: 26/29 MP: 3/3
  1001 | D:2      | Found a shimmering altar of Xom.
  1384 | D:2      | Noticed Terence
  1399 | D:2      | Killed Terence
  1399 | D:2      | Reached XP level 4. HP: 19/35 MP: 4/4
  1576 | D:2      | Noticed Sigmund
  1593 | D:2      | Mangled by Sigmund

Illustrated notes

Levels and vault maps discovered:
D:1:      dpeg_arrival_shelter, layout_basic, grunt_decor_cap
D:2:      layout_loops_ring, nicolae_overflow_crystal_walls,
          minmay_split_cup_large, uniq_sigmund, uniq_jessica, uniq_terence

Skill      XL: |  1  2  3 |
---------------+----------+-----
Axes           | 3 |  3.1
Fighting       | |  3.4
Armour         | |  3.4
Shields        | |  3.4

Action                   |  1- 3 |  4- 6 || total
-------------------------+-------+-------++-------
Melee: War axe           |    59 |    14 ||    73
  Use: Potion            |       |     3 ||     3
Armor: Scale mail        |    29 |     2 ||    31
Dodge: Dodged            |    17 |     4 ||    21
Block: Kite shield       |    38 |     6 ||    44

Table legend: (Time is in decaauts)
 A = Elapsed time spent in this place.
 B = Non-inter-level travel time spent in this place.
 C = Inter-level travel time spent in this place.
 D = Time resting spent in this place.
 E = Time spent auto-exploring this place.
 F = Levels seen in this place.
 G = Mean time per level.
                   A        B        C        D        E       F      G
               +--------+--------+--------+--------+--------+-----+--------+
         Total |   1624 |   1609 |     15 |    212 |   1212 |   2 |  812.0 |
       Dungeon |   1624 |   1609 |     15 |    212 |   1212 |   2 |  812.0 |
               +--------+--------+--------+--------+--------+-----+--------+

Top non-repeatable levels by time:
     D:1: 967 daAuts
     D:2: 657 daAuts
